 Dungeon Crawl Stone Soup version 0.19.1-1-g22dce08 (webtiles) character file.

60 galech the Skirmisher (level 4, 0/49 HPs)
             Began as an Ogre Fighter on Jan 20, 2017.
             Slain by Natasha (4 damage)
             ... on level 2 of the Dungeon.
             The game lasted 00:03:12 (1376 turns).

galech the Skirmisher (Ogre Fighter)                Turns: 1376, Time: 00:03:13

Health: 0/49       AC:  3    Str: 22    XL:     4   Next: 4%
Magic:  4/4        EV:  8    Int:  7    God:
Gold:   149        SH:  8    Dex:  9    Spells: 0 memorised, 3 levels left

rFire  . . .     SeeInvis .     a - +0 flail
rCold  . . .     Gourm    .     b - +0 robe
rNeg   . . .     Faith    .     c - +0 shield
rPois  .         Spirit   .     (helmet restricted)
rElec  .         Reflect  .     (no cloak)
rCorr  .         Harm     .     (gloves unavailable)
MR     .....                    (boots unavailable)
Stlth  ++........               (no amulet)
                                (no ring)
                                o - ring of stealth

@: slowed, very slow
A: unfitting armour, tough skin 1
a: no special abilities


You were on level 2 of the Dungeon.
You were hungry.

You visited 1 branch of the dungeon, and saw 2 of its levels.

You collected 149 gold pieces.

Inventory:

Hand Weapons
 a - a +0 flail (weapon)
Armour
 b - a +0 robe (worn)
 c - a +0 shield (worn)
Jewellery
 o - a ring of stealth (left hand)
Scrolls
 e - a scroll of enchant armour {unknown}
 i - 4 scrolls of identify {unknown}
 j - 2 scrolls of teleportation {unknown}
 n - a scroll of magic mapping {unknown}
 p - a scroll of immolation {unknown}
Potions
 d - 3 potions of might
 h - a potion of degeneration {unknown}
 l - a potion of brilliance {unknown}
 m - a potion of flight {unknown}
Comestibles
 f - 3 bread rations
 k - a royal jelly


   Skills:
 + Level 4.7 Fighting
 + Level 3.9 Maces & Flails
 + Level 3.1 Dodging
 + Level 0.1 Stealth
 + Level 3.0 Shields


You had 3 spell levels left.
You didn't know any spells.

Dungeon Overview and Level Annotations

Branches:
Dungeon (2/15)

Altars:
Trog

Annotations:
D:2 Natasha


Innate Abilities, Weirdness & Mutations

You are too large for most types of armour.
You have tough skin. (AC +1)


Message History

You are too injured to fight recklessly!
You are too injured to fight recklessly!
You are too injured to fight recklessly!
You are too injured to fight recklessly!
You are too injured to fight recklessly!
You are too injured to fight recklessly!
You are too injured to fight recklessly!
You are too injured to fight recklessly!
You are too injured to fight recklessly!
You barely miss Natasha. The white imp barely misses you.
Natasha claws you but does no damage. The white imp gestures at you.
You block the puff of frost. Natasha claws you.
* * * LOW HITPOINT WARNING * * *
Your shield prevents you from hitting Natasha.
You block the white imp's attack.
Natasha howls an incantation.
You feel troubled. Natasha misses you. You block the white imp's attack.
Natasha claws you.
You die...

###### ## ###########....# ##.
##.....##....._.# ##..
##..........h....# #...
#............@...# #...
#............5...## #...
#.................### #...
#...................##### #...
#............>...##.....###...
#................######.......
##..............## ####...[
##.....##.....## #.#..
############## #....


You could see Natasha and a white imp.

Vanquished Creatures
  Natasha (D:2)
  2 dart slugs
  2 leopard geckos (D:1)
  2 giant cockroaches (D:1)
  6 goblins
  2 hobgoblins (D:1)
  2 jackals (D:1)
  2 kobolds (D:1)
  A ball python (D:1)
  6 bats (D:1)
  A frilled lizard (D:2)
  A rat (D:2)
28 creatures vanquished.

Notes
Turn   | Place    | Note
-------+----------+-------------------------------------------
     0 | D:1      | galech the Ogre Fighter began the quest for the Orb.
     0 | D:1      | Reached XP level 1. HP: 24/24 MP: 1/1
    68 | D:1      | Reached XP level 2. HP: 26/32 MP: 2/2
   489 | D:1      | Reached XP level 3. HP: 29/40 MP: 3/3
   829 | D:2      | Found a bloodstained altar of Trog.
   995 | D:2      | Noticed Natasha
  1009 | D:2      | Killed Natasha
  1019 | D:2      | Reached XP level 4. HP: 37/49 MP: 4/4
  1105 | D:2      | Noticed Natasha
  1376 | D:2      | Slain by Natasha

Skill      XL: |  1  2  3 |
---------------+----------+-----
Maces & Flails | 3 |  3.9
Dodging        | 3 |  3.1
Shields        | 3 |  3.0
Fighting       | |  4.7
Stealth        | |  0.1

Action                   |  1- 3 |  4- 6 || total
-------------------------+-------+-------++-------
Melee: Flail             |    94 |     9 ||   103
  Eat: Chunk             |     1 |       ||     1
Armor: Robe              |    31 |     2 ||    33
Dodge: Dodged            |    31 |     6 ||    37
Block: Shield            |    60 |     7 ||    67
